 Dungeon Crawl Stone Soup version 0.28-a0-1382-g92835e5c71 (webtiles) character file.

Game seed: 12086141256130584855

17 YayAnonymity the Shooter (level 2, -1/22 HPs)
             Began as a Demonspawn Hunter on Jan 2, 2022.
             Engulfed by a cloud of flame (23 damage)
             ... on level 2 of the Dungeon.
             The game lasted 00:01:48 (1085 turns).

YayAnonymity the Shooter (Demonspawn Hunter)        Turns: 1085, Time: 00:01:48

Health: -1/22      AC:  3    Str: 12    XL:     2   Next: 44%
Magic:  2/2        EV: 12    Int: 12    God:
Gold:   85         SH:  5    Dex: 13    Spells: 1/1 levels left

rFire   . . .      SeeInvis .   a - +1 shortbow
rCold   . . .      Faith    .   (shield currently unavailable)
rNeg    . . .      Spirit   .   c - +0 leather armour
rPois   .          Reflect  +   l - +0 hat
rElec   .          Harm     .   (no cloak)
rCorr   .          Rampage  .   (no gloves)
Will    .....                   (no boots)
Stlth   +.........              h - amulet of reflection
HPRegen 0.07/turn               (no ring)
MPRegen 0.08/turn               (no ring)

@: no status effects
A: foul stench 1
a: no special abilities


You were on level 2 of the Dungeon.
You visited 1 branch of the dungeon, and saw 2 of its levels.

You collected 85 gold pieces.

Inventory:

Hand Weapons
 a - a +1 shortbow (weapon)
 b - a +0 short sword
Missiles
 d - 50 arrows (quivered ammo)
 g - 6 boomerangs
Armour
 c - a +0 leather armour (worn)
 l - a +0 hat (worn)
Jewellery
 h - an amulet of reflection (around neck)
 k - a ring of ice
Scrolls
 i - 2 scrolls of identify {unknown}
 j - a scroll of teleportation {unknown}
Potions
 e - a potion of degeneration {unknown}
 f - a potion of haste {unknown}


   Skills:
 - Level 2.0 Fighting
 * Level 4.1 Bows
 + Level 2.1 Dodging
 - Level 0.8 Stealth


You had one spell level left.
You didn't know any spells.
Your spell library was empty.

Dungeon Overview and Level Annotations

Branches:
Dungeon (2/15)

Altars:
Yredelemnul


Innate Abilities, Weirdness & Mutations

You may rarely emit foul miasma when damaged in melee.


Message History

You hit the rat.
You kill the rat!
No target in view!
No target in view!
No target in view!
a - a +1 shortbow (weapon)
You now have 85 gold pieces (gained 10).
A ball python comes into view.
You shoot an arrow. The arrow hits the ball python.
You kill the ball python!
d - 51 arrows (gained 1)
Found a stone staircase leading down.
Found a basalt altar of Yredelemnul.
A kobold comes into view. It is wielding a +0 dagger.
You shoot an arrow. The arrow hits the kobold!
You kill the kobold!
No target in view!
d - 51 arrows (gained 1)
Things that are here:
a +0 dagger; 2 stones
Found a hat.
No target in view!
There is a shaft here.
You see here a +0 hat.
(D) Dungeon
Where to? (Enter - D:1 @ (x,y), ? - help)
Okay, then.
l - a +0 hat You start putting on your armour.
You continue putting on your +0 hat. x4
You finish putting on your +0 hat.
A rat comes into view.
You shoot an arrow. The arrow hits the rat!
You kill the rat!
Found a hunting sling.
Found 15 arrows.
Found 12 gold pieces.
Really walk into a travel-excluded area?
You are engulfed in blazing flames.
Ouch! That really hurt!
You die...

........ #○§§#
#.# .###....
####...#####.#
.# ..
§§.$!)..§☼..#
.#
§...(.☼°§..#
.# ..$..§☼○..#
.# #...#####.#
## #§.§# #.#
#§°.# #.#
#§.@# #.#
#...#####.#
##........#
##########


There were no monsters in sight!

Vanquished Creatures
  A dart slug (D:1)
  4 ball pythons
  An endoplasm (D:1)
  A quokka (D:2)
  2 bats
  2 frilled lizards (D:1)
  2 kobolds
  4 rats
17 creatures vanquished.

Vanquished Creatures (others)
  An endoplasm (D:2)
1 creature vanquished.

Grand Total: 18 creatures vanquished

Notes
Turn   | Place    | Note
-------+----------+-------------------------------------------
     0 | D:1      | YayAnonymity the Demonspawn Hunter began the quest for the
                  | Orb.
     0 | D:1      | Reached XP level 1. HP: 16/16 MP: 1/1
   392 | D:1      | Found a faded altar of an unknown god.
   533 | D:1      | Gained mutation: You may rarely emit foul miasma when
                  | damaged in melee. [demonic ancestry]
   533 | D:1      | Reached XP level 2. HP: 22/22 MP: 2/2
   910 | D:2      | Reached skill level 4 in Bows
   992 | D:2      | Found a basalt altar of Yredelemnul.
  1085 | D:2      | Engulfed by a cloud of flame

Illustrated notes

Levels and vault maps discovered:
D:1:      minmay_arrival_five_plusses, layout_basic, serial_forest,
          infiniplex_forest_lined_room_2, infiniplex_forest_lined_room_2,
          infiniplex_forest_pool, infiniplex_forest_clump_double,
          infiniplex_forest_zigzag_1, infiniplex_forest_straight_4,
          infiniplex_forest_split, shapermc_ecumenical_altar_mp_vishouse
D:2:      layout_loops_ring, basic_altar, lemuel_flame_loot_1

Skill      XL: |  1  2 |
---------------+-------+-----
Dodging        | 2 |  2.1
Bows           | 4 |  4.1
Fighting       | |  2.0
Stealth        | |  0.8

Action                   || total
-------------------------++-------
Melee: Short sword       ||    15
 Fire: Shortbow          ||    28
 Stab: Sleeping          ||     1
Armor: Leather armour    ||     6
Dodge: Dodged            ||    14
Block: Other             ||     5

Table legend: (Time is in decaauts)
 A = Elapsed time spent in this place.
 B = Non-inter-level travel time spent in this place.
 C = Inter-level travel time spent in this place.
 D = Time resting spent in this place.
 E = Time spent auto-exploring this place.
 F = Levels seen in this place.
 G = Mean time per level.
                   A        B        C        D        E       F      G
               +--------+--------+--------+--------+--------+-----+--------+
         Total |   1089 |   1073 |     16 |      0 |    908 |   2 |  544.5 |
       Dungeon |   1089 |   1073 |     16 |      0 |    908 |   2 |  544.5 |
               +--------+--------+--------+--------+--------+-----+--------+

Top non-repeatable levels by time:
     D:1: 909 daAuts
     D:2: 180 daAuts
